 Dungeon Crawl Stone Soup version 0.31.0-9-g3a7656b989 (webtiles) character file.

Game seed: 11507857550184410083

686 qw the Shooter (level 7, -10/35 HPs)
             Began as a Spriggan Hunter on Feb 2, 2024.
             Mangled by a gnoll sergeant
             ... wielding a +0 spear
              (11 damage)
             ... on level 5 of the Dungeon.
             The game lasted 00:00:12 (3112 turns).

qw the Shooter (Spriggan Hunter)                    Turns: 3112, Time: 00:00:13

Health: -10/35     AC:  3    Str:  7    XL:     7   Next: 35%
Magic:  8/8        EV: 22    Int: 11    God:
Gold:   39         SH:  0    Dex: 20    Spells: 6/6 levels left

rFire   . . .        a - +0 shortbow
rCold   . . .        (shield currently unavailable)
rNeg    . . .        c - +0 robe
rPois   +            (helmet restricted)
rElec   .            h - +0 cloak
rCorr   .            (gloves unavailable)
SInv    +            (boots unavailable)
Will    +....        (no amulet)
Stlth   ++           f - ring of poison resistance
HPRegen 0.25/turn    (no ring)
MPRegen 0.11/turn

%: no passive effects
@: very quick
A: very small, no large weapons, unfitting armour, see invisible, speed 3
a: no special abilities


You were on level 5 of the Dungeon.
You visited 1 branch of the dungeon, and saw 5 of its levels.

You collected 169 gold pieces.
You spent 130 gold pieces at shops.


Innate Abilities, Weirdness & Mutations

You are very small and have problems with some larger weapons.
You are too small for most types of armour.
You have supernaturally acute eyesight. (SInv)
You cover ground extremely quickly. (Speed+++)


   Skills:
 - Level 2.2 Fighting
 - Level 7.3 Ranged Weapons
 + Level 6.9 Dodging
 - Level 1.5 Stealth


You had 6 spell levels left.
You didn't know any spells.
Your spell library was empty.

Inventory:

Hand Weapons
 a - a +0 shortbow (weapon)
Armour
 c - a +0 robe (worn)
 h - a +0 cloak (worn)
Jewellery
 f - a ring of poison resistance (left hand)
Scrolls
 b - a scroll of poison {unknown}
Potions
 e - a potion of enlightenment
 g - a potion of haste {unknown}

Dungeon Overview and Level Annotations

Branches:
Dungeon (5/15)
 Temple: D:4-7

Altars:
Makhleb

Shops:
D:4 [


Message History

The gnoll sergeant barely misses you.
You shoot an arrow. The gnoll sergeant blocks the arrow.
The gnoll sergeant hits you from afar with a +0 spear!
You shoot an arrow.
The arrow hits the gnoll sergeant but does no damage.
The gnoll sergeant is heavily wounded.
The gnoll sergeant misses you.
You shoot an arrow. The arrow hits the gnoll sergeant.
The gnoll sergeant is heavily wounded.
The gnoll sergeant barely misses you.
You shoot an arrow. The arrow hits the gnoll sergeant.
The gnoll sergeant is severely wounded.
The gnoll sergeant hits you from afar with a +0 spear.
You shoot an arrow.
The arrow hits the gnoll sergeant but does no damage.
The gnoll sergeant is severely wounded.
The gnoll sergeant misses you.
You shoot an arrow. The arrow hits the gnoll sergeant.
The gnoll sergeant is severely wounded.
The gnoll sergeant hits you from afar with a +0 spear!
You shoot an arrow. The gnoll sergeant blocks the arrow.
The gnoll sergeant misses you.
You shoot an arrow.
The arrow hits the gnoll sergeant but does no damage.
The gnoll sergeant is severely wounded.
The gnoll sergeant completely misses you.
You shoot an arrow.
The arrow hits the gnoll sergeant but does no damage.
The gnoll sergeant is severely wounded.
The white imp shouts, "Go and return not, thou droning tip-merry surfacer!"
The gnoll sergeant closely misses you.
You shoot an arrow.
The arrow hits the gnoll sergeant but does no damage.
The gnoll sergeant is severely wounded.
The gnoll sergeant hits you from afar with a +0 spear.
You shoot an arrow.
The arrow hits the gnoll sergeant but does no damage.
The gnoll sergeant is severely wounded.
The gnoll sergeant hits you from afar with a +0 spear!
You die...

#...............####
##..#.....#######
##.....####
##..%)### ###..##.##
##...###..# ##..###
##.# ###..## #.##
##..### #.@# ##..##
##.# ##..## #g##
..### ##g# .## #g##
## #5.# ##.#
.......)# .....l...


You could see a gnoll sergeant, 2 gnolls and a white imp.

Vanquished Creatures
  A sky beast (D:4)
  A black bear (D:5)
  An ogre (D:3)
  A phantom (D:5)
  A scorpion (D:5)
  2 hounds
  2 sleepcaps (D:4)
  2 iguanas
  A gnoll (D:5)
  5 adders
  3 dart slugs
  A ribbon worm (D:3)
  2 endoplasms
  5 giant cockroaches
  7 goblins
  7 hobgoblins
  9 kobolds
  4 quokkas
  7 ball pythons
  6 bats
  A frilled lizard (D:3)
  3 rats
72 creatures vanquished.

Notes
Turn   | Place    | Note
-------+----------+-------------------------------------------
     0 | D:1      | qw the Spriggan Hunter began the quest for the Orb.
     0 | D:1      | Reached XP level 1. HP: 10/10 MP: 2/2
     0 | D:1      | 0 ||| qw: Version: 0.3-a-155-g5e7d8dd
     0 | D:1      | 0 ||| qw: Game counter: 2294
     0 | D:1      | 0 ||| qw: Melee chars always use a shield: true
     0 | D:1      | 0 ||| qw: God list: Okawaru
     0 | D:1      | 0 ||| qw: Allow faded altars: false
     0 | D:1      | 0 ||| qw: Do Orc after clearing Dungeon:15 true
     0 | D:1      | 0 ||| qw: Do second Lair branch before Depths: true
     0 | D:1      | 0 ||| qw: Lair rune preference: random
     0 | D:1      | 0 ||| qw: Goals: Normal
     0 | D:1      | 0 ||| PLANNING D:1-11
    16 | D:1      | Reached skill level 3 in Dodging
    49 | D:1      | 49 ||| DROPPING +1 sling of freezing.
    63 | D:1      | Reached XP level 2. HP: 14/14 MP: 3/3
   365 | D:1      | Reached XP level 3. HP: 18/18 MP: 4/4
   436 | D:1      | 436 ||| READING scroll labelled FAPTOUPLOA.
   437 | D:1      | 437 ||| READING scroll labelled OSABAJ MURUO.
   437 | D:1      | 437 ||| IDENTIFYING yellow potion
   438 | D:1      | 438 ||| DROPPING scroll of butterflies.
   500 | D:2      | 500 ||| FLEEEEING.
   502 | D:2      | 502 ||| FLEEEEING.
   504 | D:2      | 504 ||| FLEEEEING.
   505 | D:2      | 505 ||| FLEEEEING.
   506 | D:2      | 506 ||| FLEEEEING.
   507 | D:2      | 507 ||| FLEEEEING.
   509 | D:2      | 509 ||| FLEEEEING.
   510 | D:2      | 510 ||| FLEEEEING.
   511 | D:2      | 511 ||| FLEEEEING.
   515 | D:2      | 515 ||| FLEEEEING.
   516 | D:2      | 516 ||| FLEEEEING.
   517 | D:2      | 517 ||| FLEEEEING.
   985 | D:2      | Reached skill level 5 in Ranged Weapons
  1171 | D:2      | 1171 ||| UPGRADING to ring of poison resistance.
  1172 | D:2      | 1172 ||| READING scroll labelled FOEFRY VIRIBAN.
  1173 | D:2      | 1173 ||| READING scroll labelled BUESHR QUQA.
  1274 | D:2      | 1274 ||| DRINKING 3 glowing grey potions.
  1275 | D:2      | 1275 ||| DROPPING 2 potions of invisibility.
  1342 | D:3      | Reached XP level 4. HP: 22/22 MP: 5/5
  1477 | D:3      | Noticed an ogre
  1487 | D:3      | Killed an ogre
  1488 | D:3      | Reached XP level 5. HP: 25/25 MP: 6/6
  1608 | D:3      | Identified the +9 whip "Cuttecso" {spect, Fly rPois Will+}
  1789 | D:3      | Identified the +1 quarterstaff "Kenworoi" {flame, rCorr
                  | Dex-2 Stlth+}
  1933 | D:3      | 1933 ||| READING 2 scrolls labelled KONIUF ILOSCH.
  1934 | D:3      | 1934 ||| READING scroll labelled KIFAME BUOROING.
  2035 | D:3      | 2035 ||| DROPPING scroll of amnesia.
  2155 | D:4      | Noticed a sky beast
  2166 | D:4      | Killed a sky beast
  2167 | D:4      | Reached skill level 6 in Ranged Weapons
  2167 | D:4      | Reached XP level 6. HP: 21/30 MP: 7/7
  2215 | D:4      | Found a burning altar of Makhleb.
  2253 | D:4      | Identified the +1 morningstar of Qyow {flame, rElec rN++
                  | rCorr Str-4}
  2320 | D:4      | Reached skill level 6 in Dodging
  2359 | D:4      | Found Ismunlalo's Antique Armour Shoppe.
  2362 | D:4      | 2362 ||| BUYING cloak (130 gold).
  2362 | D:4      | Bought a cloak for 130 gold pieces
  2525 | D:4      | HP: 5/30 [sleepcap (6)]
  2550 | D:4      | 2550 ||| FLEEEEING.
  2553 | D:4      | 2553 ||| FLEEEEING.
  2556 | D:4      | 2556 ||| FLEEEEING.
  2558 | D:4      | 2558 ||| FLEEEEING.
  2559 | D:4      | 2559 ||| FLEEEEING.
  2562 | D:4      | 2562 ||| FLEEEEING.
  2574 | D:4      | 2574 ||| FLEEEEING.
  2575 | D:4      | 2575 ||| FLEEEEING.
  2576 | D:4      | 2576 ||| FLEEEEING.
  2577 | D:4      | 2577 ||| FLEEEEING.
  2579 | D:4      | 2579 ||| FLEEEEING.
  2580 | D:4      | 2580 ||| FLEEEEING.
  2581 | D:4      | 2581 ||| FLEEEEING.
  2582 | D:4      | 2582 ||| FLEEEEING.
  2583 | D:4      | 2583 ||| FLEEEEING.
  2584 | D:4      | 2584 ||| FLEEEEING.
  2588 | D:4      | 2588 ||| FLEEEEING.
  2589 | D:4      | 2589 ||| FLEEEEING.
  2591 | D:4      | 2591 ||| FLEEEEING.
  2592 | D:4      | 2592 ||| FLEEEEING.
  2593 | D:4      | 2593 ||| FLEEEEING.
  2594 | D:4      | 2594 ||| FLEEEEING.
  2595 | D:4      | 2595 ||| FLEEEEING.
  2598 | D:4      | 2598 ||| FLEEEEING.
  2599 | D:4      | 2599 ||| FLEEEEING.
  2600 | D:4      | 2600 ||| FLEEEEING.
  2601 | D:4      | 2601 ||| FLEEEEING.
  2603 | D:4      | 2603 ||| FLEEEEING.
  2604 | D:4      | 2604 ||| FLEEEEING.
  2605 | D:4      | 2605 ||| FLEEEEING.
  2606 | D:4      | 2606 ||| STAIRDANCE
  2635 | D:3      | 2635 ||| UPGRADING to +0 cloak.
  2640 | D:3      | 2640 ||| READING scroll of identify.
  2640 | D:3      | 2640 ||| IDENTIFYING viscous green potion
  2641 | D:3      | 2641 ||| DROPPING potion of lignification.
  2795 | D:5      | Entered Level 5 of the Dungeon
  2862 | D:5      | Reached skill level 7 in Ranged Weapons
  2862 | D:5      | Reached XP level 7. HP: 27/35 MP: 8/8
  2960 | D:5      | 2960 ||| RETREEEEATING.
  2963 | D:5      | 2963 ||| RETREEEEATING.
  2964 | D:5      | 2964 ||| FLEEEEING.
  2965 | D:5      | 2965 ||| FLEEEEING.
  2966 | D:5      | 2966 ||| FLEEEEING.
  2967 | D:5      | 2967 ||| FLEEEEING.
  2968 | D:5      | 2968 ||| FLEEEEING.
  2969 | D:5      | 2969 ||| FLEEEEING.
  2970 | D:5      | 2970 ||| FLEEEEING.
  2971 | D:5      | 2971 ||| FLEEEEING.
  2972 | D:5      | 2972 ||| FLEEEEING.
  2973 | D:5      | 2973 ||| FLEEEEING.
  2974 | D:5      | 2974 ||| FLEEEEING.
  2975 | D:5      | 2975 ||| FLEEEEING.
  3107 | D:5      | HP: 5/35 [gnoll sergeant/+0 spear (15)]
  3111 | D:5      | HP: 1/35 [gnoll sergeant/+0 spear (5)]
  3112 | D:5      | Mangled by a gnoll sergeant

Levels and vault maps discovered:
D:1:      lightli_arrival_maybe_door_vault, layout_basic, chequers_arboretum,
          dreamdust_mushroom_princess
D:2:      layout_basic
D:3:      layout_basic, solitary_fountain
D:4:      layout_loops_cross, mainiacjoe_overflow_concentric_impassable,
          serial_shops, kennysheep_mini_moat
D:5:      layout_cave_pods, minitemple, serial_shops, nicolae_shop_statue_plus

Skill      XL: |  1  2  3  4  5  6 |
---------------+-------------------+-----
Dodging        | 3 4 5 6 |  6.9
Ranged Weapons | 5 6 7 |  7.3
Fighting       | 2 |  2.2
Stealth        | |  1.5

Action                     |  1- 3 |  4- 6 |  7- 9 || total
---------------------------+-------+-------+-------++-------
   Fire: Shortbow          |    99 |   139 |    46 ||   284
    Use: Scroll            |     4 |     3 |       ||     7
         Potion            |     1 |       |       ||     1
 Armour: Robe              |     2 |    20 |     9 ||    31
  Dodge: Dodged            |    17 |    60 |    12 ||    89

Table legend:
 A = Non-vault XP
 B = Vault XP
 C = Vault XP percentage of total XP
 D = Non-vault monster count
 E = Vault monster count
 F = Vault count percentage of total count
                 A         B        C        D         E       F
            +---------+---------+-------+---------+---------+-------
      Total |     980 |       0 |   0.0 |      72 |       0 |   0.0
            +---------+---------+-------+---------+---------+-------
        D:1 |      44 |       0 |   0.0 |      25 |       0 |   0.0
        D:2 |      50 |       0 |   0.0 |      15 |       0 |   0.0
        D:3 |     213 |       0 |   0.0 |      16 |       0 |   0.0
        D:4 |     306 |       0 |   0.0 |      11 |       0 |   0.0
        D:5 |     367 |       0 |   0.0 |       5 |       0 |   0.0
            +---------+---------+-------+---------+---------+-------
